[Event "Titled Tuesday Blitz June 27 Late 2023"]
[White "Keleberda, Tymur"]
[Black "Spichkin, Alexander"]
[WhiteFideId "14174294"]
[BlackFideId "4144074"]
[WhiteElo "2507"]
[BlackElo "2312"]
[Result "1-0"]
[Round "2"]
[TimeControl "180+2"]
[Date "2023.06.27"]
[WhiteClock "0:01:27"]
[BlackClock "0:01:20"]
[Board "146"]

1. e4 e5 2. Nf3 d5 3. Nxe5 Bd6 4. d4 dxe4 5. Bc4 Bxe5 6. dxe5 Qxd1+ 7. Kxd1 Nc6 8. Bf4 Bg4+ 9. Kc1 Nge7 10. h3 Ng6 11. Bg3 Be6 12. Bxe6 fxe6 13. Nc3 Nd4 14. Re1 O-O-O 15. Rxe4 c5 16. b3 b5 17. a3 a5 18. b4 axb4 19. axb4 cxb4 20. Ne2 Nc6 21. h4 Kb7 22. h5 Nge7 23. Nf4 Nd4 24. f3 Nef5 25. Bf2 Rhf8 26. g4 Nxf3 27. Ra7+ Kc6 28. gxf5 Rxf5 29. Ra6+ Kb7 30. Ra7+ Kc6 31. Rxg7 Nxe5 32. Rxh7 Nc4 33. Rxe6+ Rd6 34. Rxd6+ Kxd6 35. Rh6+ Kd7 36. Nd3 b3 37. cxb3 Na5 38. Kc2 Nc6 39. Nc5+ Ke8 40. Rxc6 Rxf2+ 41. Kc3 Rh2 42. h6 Rh4 43. Rd6 b4+ 44. Kd3 Ke7 45. Ra6 Kf7 46. Ne4 Rh3+ 47. Kc4 Rh4 48. Kd5 Rh5+ 49. Kd4 Rh4 50. h7 Kg7 51. Ra7+ Kh8 52. Ra8+ Kxh7 53. Rb8 Kg7 54. Rxb4 Kf7 55. Rb6 Ke7 56. b4 Kd7 57. b5 Kc7 58. Rg6 Kb7 59. Rf6 Ka7 60. Re6 Kb7 61. Kc4 Ka7 62. Kb4 Kb7 63. Ka5 Ka7 64. Re7+ Ka8 65. Ka6 Rh6+ 66. b6 Rh8 67. Nc5 Kb8 68. Rb7+ Ka8 69. Ra7+ Kb8 70. Nd7+ Kc8 71. b7+ Kc7 72. b8=Q+ Kc6 73. Qb7+ Kd6 74. Qb6+ Ke7 75. Ne5+ Kf8 76. Qb8# 1-0


[Site "https://www.chess.com"]

[Event "Titled Tuesday Blitz June 27 Late 2023"]
[White "Martinez Reyes, Pedro Ramon"]
[Black "Rodriguez Santiago, Jaime"]
[WhiteFideId "3901807"]
[BlackFideId "3100898"]
[WhiteElo "2507"]
[BlackElo "2303"]
[Result "1-0"]
[Round "2"]
[TimeControl "180+2"]
[Date "2023.06.27"]
[WhiteClock "0:01:03"]
[BlackClock "0:00:01"]
[Board "147"]

1. e4 c6 2. b3 d5 3. Bb2 dxe4 4. Nc3 Bf5 5. Qe2 Nf6 6. h3 h5 7. O-O-O a5 8. f3 exf3 9. Qxf3 e6 10. Bc4 Na6 11. Re1 Be7 12. Nge2 Nb4 13. d3 b5 14. Nxb5 cxb5 15. Bxb5+ Kf8 16. g4 Bg6 17. Nf4 Rc8 18. Bc4 Rh6 19. g5 Nxa2+ 20. Kb1 Rxc4 21. dxc4 Nb4 22. gxh6 Bxc2+ 23. Ka1 a4 24. hxg7+ Ke8 25. Nxe6 fxe6 26. Qxf6 Bxf6 27. g8=Q+ Kd7 28. Rd1+ Bxd1 29. Rxd1+ 1-0


[Site "https://www.chess.com"]

[Event "Titled Tuesday Blitz June 27 Late 2023"]
[White "Ozen, Batuhan"]
[Black "Kirillov, Dmitry"]
[WhiteFideId "6345123"]
[BlackFideId "34180572"]
[WhiteElo "2299"]
[BlackElo "2506"]
[Result "1-0"]
[Round "2"]
[TimeControl "180+2"]
[Date "2023.06.27"]
[WhiteClock "0:00:12"]
[BlackClock "0:00:00"]
[Board "148"]

1. d4 Nf6 2. Nf3 e6 3. e3 b6 4. b3 Bb7 5. Bb2 c5 6. Bd3 d5 7. Nbd2 Bd6 8. Ne5 O-O 9. f4 Nc6 10. a3 Ne7 11. O-O Ne4 12. Qe2 f5 13. Ndf3 cxd4 14. Bxd4 Nc6 15. Nxc6 Bxc6 16. Bxe4 fxe4 17. Ne5 Bb7 18. Rfc1 a5 19. Qg4 Qe7 20. c4 Rac8 21. Bxb6 Bxa3 22. Rd1 Bb2 23. Rxa5 Bxe5 24. fxe5 dxc4 25. bxc4 Rxc4 26. Ra2 Bd5 27. Ra7 h5 28. Qg6 Bb7 29. Qxh5 Rc2 30. Qg4 Rcf2 31. h3 Kh7 32. Qh5+ Kg8 33. Qg6 R2f5 34. Qg4 R5f7 35. Bd4 Rf5 36. Rb1 Rg5 37. Raxb7 Qxb7 38. Rxb7 Rxg4 39. hxg4 Rc8 40. Re7 Rc6 41. g5 Kf8 42. Ra7 1-0


[Site "https://www.chess.com"]

[Event "Titled Tuesday Blitz June 27 Late 2023"]
[White "Graif, William"]
[Black "Bullen, Alex"]
[WhiteFideId "2609835"]
[BlackFideId "1801627"]
[WhiteElo "2506"]
[BlackElo "2298"]
[Result "1-0"]
[Round "2"]
[TimeControl "180+2"]
[Date "2023.06.27"]
[WhiteClock "0:00:10"]
[BlackClock "0:00:07"]
[Board "149"]

1. e4 c6 2. d4 d5 3. Nc3 dxe4 4. Bc4 Nf6 5. f3 exf3 6. Nxf3 Bf5 7. O-O Bg6 8. Ne5 e6 9. Bg5 Be7 10. Qe2 Nbd7 11. Rae1 Nb6 12. Bxe6 fxe6 13. Nxg6 hxg6 14. Bxf6 Bxf6 15. Qxe6+ Kf8 16. Ne4 Qxd4+ 17. Kh1 Nd5 18. Nd6 Rxh2+ 19. Kxh2 Qh4+ 20. Kg1 Qd4+ 21. Rf2 Qxf2+ 22. Kxf2 Bd4+ 23. Kf3 Nf6 24. Qf7# 1-0


[Site "https://www.chess.com"]

[Event "Titled Tuesday Blitz June 27 Late 2023"]
[White "Gertler, David"]
[Black "Jovic, Stanoje"]
[WhiteFideId "2017377"]
[BlackFideId "905020"]
[WhiteElo "2297"]
[BlackElo "2505"]
[Result "0-1"]
[Round "2"]
[TimeControl "180+2"]
[Date "2023.06.27"]
[WhiteClock "0:00:01"]
[BlackClock "0:00:25"]
[Board "150"]

1. e4 c6 2. c4 d5 3. cxd5 cxd5 4. exd5 Nf6 5. Bb5+ Nbd7 6. Nc3 g6 7. d4 Bg7 8. d6 O-O 9. dxe7 Qxe7+ 10. Nge2 a6 11. Bxd7 Bxd7 12. O-O Rac8 13. Qb3 b5 14. Bg5 Qd6 15. Rfd1 Rfe8 16. Bf4 Qb6 17. d5 b4 18. Ng3 a5 19. h3 h5 20. Rac1 h4 21. Nf1 Nh5 22. Be3 Qd6 23. Ne2 a4 24. Qd3 Bxb2 25. Rxc8 Rxc8 26. Bd4 Bf5 27. Qb5 Bd7 28. Qd3 a3 29. Bxb2 axb2 30. Qb3 Qf6 31. Ne3 Ra8 32. Ng4 Bxg4 33. hxg4 Nf4 34. Nd4 Rd8 35. f3 0-1


[Site "https://www.chess.com"]

[Event "Titled Tuesday Blitz June 27 Late 2023"]
[White "Ramadoss, Ashokkumar"]
[Black "Deng, Henry"]
[WhiteFideId "5040990"]
[BlackFideId "30965454"]
[WhiteElo "2292"]
[BlackElo "2504"]
[Result "0-1"]
[Round "2"]
[TimeControl "180+2"]
[Date "2023.06.27"]
[WhiteClock "0:00:36"]
[BlackClock "0:00:55"]
[Board "151"]

1. Nf3 d5 2. c4 c6 3. Qc2 Nf6 4. d4 dxc4 5. Qxc4 Nbd7 6. Nc3 Qc7 7. e4 e5 8. Ng5 Nb6 9. Qd3 exd4 10. Qxd4 Bd6 11. a4 Nbd7 12. Bc4 O-O 13. Nf3 Ne5 14. Nxe5 Bxe5 15. Qe3 Re8 16. f3 Bxh2 17. Bd2 Bg3+ 18. Kf1 Be6 19. Bxe6 Rxe6 20. Qg5 Be5 21. Qh4 Qd6 22. Bg5 h6 23. Bxh6 gxh6 24. Qxh6 Qd3+ 25. Kf2 Bd4+ 26. Kg3 Nxe4+ 27. Nxe4 Rxh6 28. Rxh6 Be5+ 0-1


[Site "https://www.chess.com"]

[Event "Titled Tuesday Blitz June 27 Late 2023"]
[White "Toncheva, Nadya"]
[Black "Ward, Ieuan C"]
[WhiteFideId "2924056"]
[BlackFideId "406627"]
[WhiteElo "2502"]
[BlackElo "2286"]
[Result "1-0"]
[Round "2"]
[TimeControl "180+2"]
[Date "2023.06.27"]
[WhiteClock "0:02:11"]
[BlackClock "0:02:33"]
[Board "152"]

1. d4 Nf6 2. c4 e6 3. Nc3 b6 4. e4 Bb4 5. Bd3 Bb7 6. f3 O-O 7. Ne2 d5 8. cxd5 exd5 9. e5 Nfd7 10. O-O g6 11. Bh6 Re8 12. f4 c5 13. Kh1 cxd4 14. Nxd4 Bxc3 15. bxc3 Nc6 16. Qg4 Nc5 17. Bb5 Qc8 18. Qg3 a6 19. Bxc6 Bxc6 20. f5 Ne4 21. Qf4 Bb5 22. fxg6 1-0


[Site "https://www.chess.com"]

[Event "Titled Tuesday Blitz June 27 Late 2023"]
[White "Vaglio Munoz, Jaime"]
[Black "ArchibaldCerveza29"]
[WhiteFideId "6500145"]
[WhiteElo "2280"]
[BlackElo "2500"]
[Result "0-1"]
[Round "2"]
[TimeControl "180+2"]
[Date "2023.06.27"]
[WhiteClock "0:01:28"]
[BlackClock "0:00:21"]
[Board "153"]

1. Nf3 d5 2. c4 e6 3. b3 b6 4. Bb2 Bb7 5. g3 c5 6. cxd5 exd5 7. Bg2 Nf6 8. d4 Nc6 9. O-O Be7 10. Nc3 O-O 11. Rc1 Rc8 12. Re1 Ne4 13. dxc5 Bxc5 14. e3 Bb4 15. Re2 Ne7 16. Nxe4 dxe4 17. Nd4 Qd5 18. a3 Bd6 19. Rd2 Rfd8 20. b4 h5 21. Rxc8 Nxc8 22. Nb5 Qxb5 23. a4 Qxb4 24. Rd4 Qxb2 25. Qxh5 Be7 26. Rxd8+ Bxd8 27. Qg5 Bxg5 28. h4 Qc1+ 29. Kh2 Bf6 30. h5 Qd2 31. Kg1 Nd6 32. g4 Nc4 33. h6 Bh4 34. Kh2 Qxf2 35. h7+ Kxh7 36. Kh1 Bg3 37. g5 Qe1+ 38. Bf1 Qxf1# 0-1


[Site "https://www.chess.com"]

[Event "Titled Tuesday Blitz June 27 Late 2023"]
[White "Mathieu, Phileas"]
[Black "Bolanos, Fernando"]
[WhiteFideId "36048410"]
[BlackFideId "3304094"]
[WhiteElo "2498"]
[BlackElo "2277"]
[Result "1-0"]
[Round "2"]
[TimeControl "180+2"]
[Date "2023.06.27"]
[WhiteClock "0:00:16"]
[BlackClock "0:00:11"]
[Board "154"]

1. b3 d5 2. Bb2 Bf5 3. d3 Nf6 4. Nd2 e6 5. g3 Be7 6. Bg2 c6 7. e4 Bg6 8. Ne2 O-O 9. O-O h6 10. f4 Bh7 11. Kh1 a5 12. a4 Nbd7 13. h3 dxe4 14. Nxe4 Nxe4 15. dxe4 Nc5 16. Nc3 Qxd1 17. Raxd1 Rfd8 18. Kg1 Bf6 19. e5 Be7 20. Rxd8+ Rxd8 21. Rf2 Na6 22. Kf1 Nb4 23. Be4 Bxe4 24. Nxe4 Rd1+ 25. Kg2 Kf8 26. Bc3 Nd5 27. Bxa5 Rc1 28. c4 Ne3+ 29. Kf3 Nf5 30. Rd2 Rb1 31. Rd3 Rxb3 32. Rxb3 Nd4+ 33. Ke3 Nxb3 34. Bb6 f5 35. Nd6 Bxd6 36. exd6 Ke8 37. Bd4 g6 38. c5 Kd7 39. Kd3 Nc1+ 40. Kc2 Ne2 41. Bf2 e5 42. Kd2 Nd4 43. Bxd4 exd4 44. a5 g5 45. fxg5 hxg5 46. Kd3 g4 47. hxg4 fxg4 48. Kxd4 Ke6 49. Ke4 Kf6 50. Kf4 Ke6 51. Kxg4 Kf6 52. Kh5 Kf5 53. g4+ Kf6 54. g5+ Kf7 55. g6+ Kf6 56. Kh6 Ke6 57. g7 Kd7 58. g8=Q b5 59. Qf7+ Kd8 60. Qe7+ Kc8 61. d7+ Kb7 62. d8=Q+ Ka6 63. Qa8# 1-0


[Site "https://www.chess.com"]

[Event "Titled Tuesday Blitz June 27 Late 2023"]
[White "Boder, Jan"]
[Black "Goncalves, Davi Sulzbacher"]
[WhiteFideId "16243226"]
[BlackFideId "2154510"]
[WhiteElo "2270"]
[BlackElo "2495"]
[Result "0-1"]
[Round "2"]
[TimeControl "180+2"]
[Date "2023.06.27"]
[WhiteClock "0:00:00"]
[BlackClock "0:00:06"]
[Board "155"]

1. e4 c5 2. Nf3 Nc6 3. d4 cxd4 4. Nxd4 Nf6 5. Nc3 e5 6. Ndb5 d6 7. Bg5 a6 8. Na3 b5 9. Nd5 Be7 10. Bxf6 Bxf6 11. c3 Bg5 12. Nc2 O-O 13. a4 bxa4 14. Rxa4 a5 15. Bd3 Rb8 16. b4 Bd7 17. Ra1 axb4 18. cxb4 f5 19. O-O Be6 20. f4 Bf6 21. b5 Bxd5 22. exd5 Qb6+ 23. Kh1 Ne7 24. Ra6 Qc5 25. fxe5 Bxe5 26. Na3 Kh8 27. Bc4 Ng6 28. Qa4 Qe3 29. Qb3 Qh6 30. Qh3 Qxh3 31. gxh3 f4 32. Rb1 f3 33. b6 Nf4 34. b7 Nxh3 35. Ra7 Bd4 36. Nb5 Bc5 37. Ra2 g5 38. Nc7 g4 39. Na6 Nf2+ 0-1


[Site "https://www.chess.com"]

[Event "Titled Tuesday Blitz June 27 Late 2023"]
[White "Womacka, Mathias"]
[Black "Kohler, Aran"]
[WhiteFideId "4611390"]
[BlackFideId "1002856"]
[WhiteElo "2494"]
[BlackElo "2267"]
[Result "1-0"]
[Round "2"]
[TimeControl "180+2"]
[Date "2023.06.27"]
[WhiteClock "0:01:05"]
[BlackClock "0:00:31"]
[Board "156"]

1. e4 c6 2. d4 d5 3. Nd2 dxe4 4. Nxe4 Bf5 5. Ng3 Bg6 6. h4 h6 7. Nf3 Nd7 8. h5 Bh7 9. Bd3 Ngf6 10. Bxh7 Nxh7 11. Qe2 e6 12. Bd2 a5 13. O-O Be7 14. c4 Ng5 15. Nxg5 hxg5 16. d5 cxd5 17. cxd5 e5 18. Nf5 O-O 19. Rac1 Ra6 20. Rc8 g6 21. Rxd8 Bxd8 22. hxg6 Rxg6 23. Qb5 Nb6 24. Bxa5 Rf6 25. d6 Rxf5 26. Bxb6 1-0


[Site "https://www.chess.com"]

[Event "Titled Tuesday Blitz June 27 Late 2023"]
[White "Cluke86"]
[Black "Osmak, Yuliia"]
[BlackFideId "14101602"]
[WhiteElo "2249"]
[BlackElo "2493"]
[Result "1-0"]
[Round "2"]
[TimeControl "180+2"]
[Date "2023.06.27"]
[WhiteClock "0:00:26"]
[BlackClock "0:00:00"]
[Board "157"]

1. e4 c5 2. Nc3 Nc6 3. f4 a6 4. Nf3 b5 5. a4 b4 6. Nd5 e6 7. Ne3 Bb7 8. c3 d6 9. Bc4 Nf6 10. d3 Be7 11. O-O O-O 12. e5 dxe5 13. fxe5 Nd7 14. d4 cxd4 15. cxd4 Nb6 16. Bd3 a5 17. b3 Nd5 18. Qc2 g6 19. Ng4 Nc3 20. Be3 Rc8 21. Qf2 h5 22. Nf6+ Bxf6 23. exf6 Qxf6 24. Bg5 Qg7 25. Rae1 Nd5 26. Bc4 Nce7 27. Qd2 Nf5 28. h3 Rfe8 29. g4 hxg4 30. hxg4 Nd6 31. Ne5 Nxc4 32. bxc4 f6 33. Bh6 Qh7 34. cxd5 fxe5 35. dxe5 Bxd5 36. Rf6 Re7 37. Qg5 Kh8 38. Rxg6 1-0


[Site "https://www.chess.com"]

[Event "Titled Tuesday Blitz June 27 Late 2023"]
[White "Aggelis, Nikolaos"]
[Black "StarkyNZ"]
[WhiteFideId "4213220"]
[WhiteElo "2491"]
[BlackElo "2248"]
[Result "0-1"]
[Round "2"]
[TimeControl "180+2"]
[Date "2023.06.27"]
[WhiteClock "0:00:40"]
[BlackClock "0:01:27"]
[Board "158"]

1. c4 e5 2. d3 Nc6 3. Nc3 Bc5 4. Nf3 d6 5. e3 Nf6 6. a3 a5 7. Be2 Bg4 8. O-O O-O 9. Nd5 a4 10. e4 Bxf3 11. Bxf3 Nxd5 12. cxd5 Nd4 13. g3 c6 14. dxc6 bxc6 15. Bg2 Qb6 16. Be3 Qxb2 17. Kh1 Rfb8 18. f4 Bxa3 19. f5 f6 20. g4 Nc2 21. Bc1 Qxa1 22. Qxc2 Bxc1 23. Rxc1 Qb2 24. Qxc6 a3 25. g5 a2 26. gxf6 Qxc1+ 27. Qxc1 a1=Q 0-1


[Site "https://www.chess.com"]

[Event "Titled Tuesday Blitz June 27 Late 2023"]
[White "Kiselev, Pavel"]
[Black "Yeritsyan, Hayk"]
[WhiteFideId "4191102"]
[BlackFideId "13307320"]
[WhiteElo "2231"]
[BlackElo "2488"]
[Result "0-1"]
[Round "2"]
[TimeControl "180+2"]
[Date "2023.06.27"]
[WhiteClock "0:00:10"]
[BlackClock "0:01:19"]
[Board "159"]

1. Nf3 d5 2. c4 c6 3. d4 Nf6 4. e3 e6 5. Nc3 Bd6 6. Bd3 Nbd7 7. cxd5 exd5 8. O-O Qe7 9. Qc2 O-O 10. b3 Re8 11. Bb2 Ne4 12. Nd2 f5 13. Bxe4 fxe4 14. Rae1 Qh4 15. g3 Qh3 16. f4 exf3 17. Nxf3 Nf6 18. e4 dxe4 19. Nxe4 Nxe4 20. Rxe4 Bf5 21. Rxe8+ Rxe8 22. Qg2 Qh5 23. Ne5 Bxe5 24. dxe5 Bh3 25. Qf3 Qxf3 26. Rxf3 Be6 27. Rd3 Bd5 28. Rd2 Kf7 29. Rf2+ Ke6 30. Rf4 b6 31. h4 c5 32. Ba3 Kxe5 33. Bb2+ Kd6 34. Bxg7 Rg8 35. Rg4 Kc6 36. Rg5 c4 37. bxc4 Bxc4 38. a3 a5 39. Kf2 b5 40. Bc3 Rxg5 41. hxg5 Kb6 42. Ke3 Bf7 43. Kd4 Bg6 44. Ke5 b4 45. axb4 a4 46. Bb2 Kb5 47. Kd4 Kxb4 48. Bc3+ Kb3 49. Ba1 a3 50. Kc5 Ka2 51. Bf6 Kb1 52. Kd6 a2 53. Ke7 a1=Q 54. Bxa1 Kxa1 55. Kf8 Kb2 56. g4 Kc3 57. Kg7 Kd4 58. Kf6 Ke4 59. Ke6 Kf4 60. Kf6 Kxg4 61. Ke6 Kxg5 62. Ke5 h5 63. Kd4 Kg4 64. Ke3 Kg3 65. Ke2 Kg2 66. Ke3 h4 0-1


[Site "https://www.chess.com"]

[Event "Titled Tuesday Blitz June 27 Late 2023"]
[White "Quirke, Jeffrey"]
[Black "Kisic, Bozidar"]
[WhiteFideId "2013029"]
[BlackFideId "16500350"]
[WhiteElo "2230"]
[BlackElo "2486"]
[Result "1-0"]
[Round "2"]
[TimeControl "180+2"]
[Date "2023.06.27"]
[WhiteClock "0:01:13"]
[BlackClock "0:00:12"]
[Board "160"]

1. e4 g6 2. d4 Bg7 3. c3 d6 4. Bd3 Nc6 5. Nf3 Nf6 6. O-O O-O 7. Re1 Bg4 8. Nbd2 e5 9. d5 Ne7 10. h3 Bc8 11. c4 Nh5 12. Nb3 h6 13. c5 Nf4 14. Bf1 f5 15. cxd6 cxd6 16. exf5 Bxf5 17. Bxf4 exf4 18. Nbd4 Rf7 19. Qd2 Qd7 20. Ne6 Bh8 21. Rac1 Qa4 22. Bc4 Nc8 23. Bb3 Qd7 24. Rc7 Qb5 25. Rxf7 Kxf7 26. Nc7 1-0


[Site "https://www.chess.com"]

[Event "Titled Tuesday Blitz June 27 Late 2023"]
[White "Urbina Perez, Juan Antonio"]
[Black "Broca Jimenez, Fernando"]
[WhiteFideId "2217368"]
[BlackFideId "5104742"]
[WhiteElo "2482"]
[BlackElo "2225"]
[Result "1-0"]
[Round "2"]
[TimeControl "180+2"]
[Date "2023.06.27"]
[WhiteClock "0:00:20"]
[BlackClock "0:00:06"]
[Board "161"]

1. e4 e5 2. Nf3 Nc6 3. Bc4 Nf6 4. d3 Bc5 5. Bg5 d6 6. a4 a5 7. O-O Bg4 8. c3 h6 9. Bh4 g5 10. Bg3 Nh5 11. Nbd2 Qf6 12. Qb3 Rb8 13. Bd5 O-O 14. Rfe1 Ne7 15. Bc4 Ng6 16. d4 Bb6 17. Be2 Nhf4 18. Bxf4 Nxf4 19. Bf1 Rfe8 20. dxe5 dxe5 21. Rac1 Red8 22. c4 Bc5 23. Qc3 Bb4 24. Qb3 c6 25. h3 Bh5 26. Rc2 Rd7 27. g4 Bg6 28. Bg2 Rbd8 29. Nf1 Nxh3+ 30. Bxh3 Rd3 31. Rc3 Qxf3 32. Bg2 Rxc3 33. bxc3 Qxc3 34. Qxc3 Bxc3 35. Rb1 Bb4 36. Ne3 Rd2 37. Nf5 Bc5 38. Rf1 Bxf5 39. exf5 Bd4 40. Be4 Ra2 41. Kg2 Rxa4 42. Rb1 Rb4 43. Rxb4 axb4 44. Bb1 c5 45. f3 f6 46. Kf1 Kf8 47. Ke2 Ke7 48. Kd3 Kd6 49. Bc2 Kc6 50. Ba4+ Kb6 51. Ke4 Ka5 52. Bb3 b5 53. Kd5 bxc4 54. Kxc4 Kb6 55. Ba4 Kc7 56. Kd5 Kb6 57. Bb3 Kb5 58. Bc4+ Ka4 59. Ke6 Ka3 60. Kxf6 b3 61. Ke6 b2 62. Bd3 c4 63. Bb1 Kb3 64. f6 c3 65. f7 Bc5 66. Kxe5 Ka3 67. Kd5 Bb4 68. Kc4 c2 69. Bxc2 Ka2 70. Kd5 Bf8 71. Ke6 b1=Q 72. Bxb1+ Kxb1 73. Kd7 Kc2 74. Ke8 Bb4 75. f8=Q Bxf8 76. Kxf8 Kd3 77. Kg7 Ke3 78. Kxh6 Kxf3 79. Kxg5 Ke4 80. Kf6 Kf4 81. g5 Ke4 82. g6 1-0


[Site "https://www.chess.com"]

[Event "Titled Tuesday Blitz June 27 Late 2023"]
[White "Baches Garcia, Guillermo"]
[Black "Luxama, Jacques Muller"]
[WhiteFideId "2209764"]
[BlackFideId "11900113"]
[WhiteElo "2481"]
[BlackElo "2225"]
[Result "1/2-1/2"]
[Round "2"]
[TimeControl "180+2"]
[Date "2023.06.27"]
[WhiteClock "0:00:42"]
[BlackClock "0:00:47"]
[Board "162"]

1. e4 e6 2. d4 d5 3. exd5 exd5 4. Nf3 Nf6 5. Bd3 Bd6 6. O-O O-O 7. h3 h6 8. c4 c6 9. Nc3 Re8 10. c5 Bc7 11. Bd2 Nbd7 12. Qc2 Nf8 13. b4 Ne6 14. g3 Nd7 15. Kg2 Qf6 16. Ne2 Ng5 17. Nxg5 hxg5 18. Rae1 Nf8 19. f4 Qh6 20. Bf5 gxf4 21. Nxf4 Bxf5 22. Qxf5 Rxe1 23. Rxe1 Ne6 24. Be3 Nxf4+ 25. Bxf4 1/2-1/2


[Site "https://www.chess.com"]

[Event "Titled Tuesday Blitz June 27 Late 2023"]
[White "marik_spb"]
[Black "Kornyukov, Alexey"]
[BlackFideId "4150457"]
[WhiteElo "2480"]
[BlackElo "2217"]
[Result "0-1"]
[Round "2"]
[TimeControl "180+2"]
[Date "2023.06.27"]
[WhiteClock "0:00:00"]
[BlackClock "0:00:09"]
[Board "163"]

1. d4 d5 2. c4 e6 3. Nf3 c6 4. g3 dxc4 5. Bg2 b5 6. Nc3 Bb7 7. a4 a6 8. O-O Nf6 9. Ng5 Qc8 10. e4 Bb4 11. e5 Nd5 12. Qh5 g6 13. Qh6 Nxc3 14. bxc3 Bxc3 15. Qg7 Rf8 16. Ba3 b4 17. Rac1 bxa3 18. Rxc3 c5 19. d5 Bxd5 20. Bxd5 exd5 21. e6 Nc6 22. exf7+ Kd7 23. Rd1 Nd4 24. Rxd4 cxd4 25. Qxd4 Qc6 26. Qg4+ Kc7 27. Ne6+ Kb6 28. Qd4+ Kb7 29. Nxf8 Rxf8 30. Qg7 Qd6 0-1


[Site "https://www.chess.com"]

[Event "Titled Tuesday Blitz June 27 Late 2023"]
[White "Fernandez Hernandez, Gerardo"]
[Black "Toniutti, Ezio"]
[WhiteFideId "2207400"]
[BlackFideId "113034"]
[WhiteElo "2215"]
[BlackElo "2477"]
[Result "0-1"]
[Round "2"]
[TimeControl "180+2"]
[Date "2023.06.27"]
[WhiteClock "0:00:02"]
[BlackClock "0:01:34"]
[Board "164"]

1. e4 e5 2. Nf3 Nc6 3. Bc4 Nf6 4. Ng5 d5 5. exd5 Na5 6. Bb5+ c6 7. dxc6 bxc6 8. Bd3 Nd5 9. Nf3 Bd6 10. O-O Nf4 11. Re1 Nxd3 12. cxd3 O-O 13. Nc3 Re8 14. b4 Nb7 15. Rb1 f6 16. Ne4 Bf8 17. b5 c5 18. Qc2 Be6 19. a4 Qd5 20. Ba3 Rac8 21. Nc3 Qd7 22. Ne4 Red8 23. Re3 h6 24. h4 Kh8 25. h5 c4 26. dxc4 Rxc4 27. Qd1 Bxa3 28. Nh4 Bc5 29. Rg3 Bf5 30. Nxf5 Qxf5 31. Qe2 Rxe4 0-1


[Site "https://www.chess.com"]

[Event "Titled Tuesday Blitz June 27 Late 2023"]
[White "Smiechu"]
[Black "Rakitic2010"]
[WhiteElo "2474"]
[BlackElo "2211"]
[Result "0-1"]
[Round "2"]
[TimeControl "180+2"]
[Date "2023.06.27"]
[WhiteClock "0:00:01"]
[BlackClock "0:00:18"]
[Board "165"]

1. e4 c5 2. Nf3 e6 3. d4 cxd4 4. Nxd4 a6 5. Bd3 Nf6 6. O-O Qc7 7. Be3 d6 8. Nc3 Be7 9. f4 O-O 10. Qf3 Nbd7 11. g4 g6 12. g5 Nh5 13. Nce2 b5 14. Ng3 Ng7 15. h4 Bb7 16. h5 e5 17. Nde2 exf4 18. Bxf4 Ne6 19. hxg6 hxg6 20. Qg4 Kg7 21. Kg2 Rh8 22. Rh1 Ne5 23. Bxe5+ dxe5 24. Raf1 Bxg5 25. Rf5 Rxh1 26. Rxg5 Rah8 27. Nxh1 Nxg5 28. Qxg5 Rh5 29. Qg4 Bc8 30. Qg3 Qe7 31. Qf3 Qh4 32. Nhg3 Qh2+ 33. Kf1 Rh4 34. Ke1 Bg4 35. Qf2 Qxf2+ 36. Kxf2 Rh2+ 37. Ke3 Rg2 38. a4 bxa4 39. Bxa6 f5 40. exf5 gxf5 41. Nf1 f4+ 42. Ke4 Bxe2 43. Bxe2 Rxe2+ 44. Kf5 Rxc2 45. Kxe5 Rxb2 0-1


[Site "https://www.chess.com"]

[Event "Titled Tuesday Blitz June 27 Late 2023"]
[White "Vila Dupla, Aurelio"]
[Black "Kovalevsky, Stanislav"]
[WhiteFideId "2203383"]
[BlackFideId "13508598"]
[WhiteElo "2211"]
[BlackElo "2474"]
[Result "0-1"]
[Round "2"]
[TimeControl "180+2"]
[Date "2023.06.27"]
[WhiteClock "0:00:00"]
[BlackClock "0:00:07"]
[Board "166"]

1. e4 e6 2. d4 d5 3. e5 c5 4. dxc5 Nc6 5. Nf3 Bxc5 6. Bd3 Nge7 7. O-O Ng6 8. Qe2 Nd4 9. Nxd4 Bxd4 10. Bxg6 hxg6 11. c3 Qh4 12. h3 Bb6 13. Be3 Qd8 14. Nd2 Bd7 15. Nf3 a6 16. Bxb6 Qxb6 17. Nd4 Bb5 18. Nxb5 Qxb5 19. Qxb5+ axb5 20. a3 Kd7 21. Rad1 Ra4 22. Rfe1 Kc6 23. f3 Kc5 24. Rb1 Rh5 25. Kf2 Ra8 26. Re2 Kc4 27. Rd1 Kb3 28. Rd4 Ra4 29. Rxa4 bxa4 30. f4 Rh4 31. Kf3 b5 32. Rd2 g5 33. g3 Rxh3 34. fxg5 Rh1 35. Kg4 Re1 36. Rf2 Re4+ 37. Kh5 Rxe5 38. Rxf7 Kxb2 39. Rxg7 Kxa3 40. Rb7 d4 41. cxd4 Rd5 42. Kh6 b4 43. g6 Rxd4 44. g7 Rg4 45. Rb5 Rxg3 46. Rg5 Rxg5 47. Kxg5 b3 48. g8=Q b2 49. Qxe6 b1=Q 50. Qd6+ Ka2 51. Kh6 Qb3 52. Kh7 a3 53. Qd2+ Kb1 54. Qe1+ Kb2 55. Qe5+ Qc3 56. Qb5+ Kc1 57. Qf1+ Kc2 0-1


[Site "https://www.chess.com"]

[Event "Titled Tuesday Blitz June 27 Late 2023"]
[White "whiteglovethief"]
[Black "Bazzano, Sebastian"]
[BlackFideId "104566"]
[WhiteElo "2474"]
[BlackElo "2207"]
[Result "1/2-1/2"]
[Round "2"]
[TimeControl "180+2"]
[Date "2023.06.27"]
[WhiteClock "0:00:29"]
[BlackClock "0:00:04"]
[Board "167"]

1. d4 Nf6 2. c4 e6 3. Nf3 d5 4. g3 Be7 5. Bg2 O-O 6. O-O b6 7. Nc3 Bb7 8. Ne5 Nbd7 9. Qc2 c6 10. e4 Nxe5 11. dxe5 Nxe4 12. Nxe4 dxe4 13. Bxe4 h6 14. Be3 Qc7 15. f4 c5 16. Rad1 Rad8 17. Qg2 Bxe4 18. Qxe4 a6 19. b3 b5 20. cxb5 axb5 21. Rc1 Rd5 22. a4 bxa4 23. Qxa4 Rd3 24. Bf2 Qb7 25. Bxc5 Bxc5+ 26. Rxc5 Rxb3 27. Qc6 Qb4 28. Rf2 Qd4 29. Kg2 Rfb8 30. Rc4 Qa1 31. Rc1 Qd4 32. Rc4 Qa1 33. Qe4 Rb2 34. Rcc2 Rxc2 35. Rxc2 Rb2 36. Qe2 Rxc2 37. Qxc2 Qa8+ 38. Kh3 Qf3 39. Qc8+ Kh7 40. Qc2+ Kg8 41. Qc8+ Kh7 42. Qc2+ Kg8 1/2-1/2


[Site "https://www.chess.com"]

[Event "Titled Tuesday Blitz June 27 Late 2023"]
[White "Reprintsev, Alexander"]
[Black "Kopacz, Grzegorz"]
[WhiteFideId "14100541"]
[BlackFideId "1109880"]
[WhiteElo "2470"]
[BlackElo "2204"]
[Result "1-0"]
[Round "2"]
[TimeControl "180+2"]
[Date "2023.06.27"]
[WhiteClock "0:00:29"]
[BlackClock "0:00:19"]
[Board "168"]

1. e4 c5 2. b3 e5 3. Bb2 d6 4. f4 Nc6 5. Bb5 exf4 6. Qf3 Nf6 7. Qxf4 Be7 8. Nf3 O-O 9. Bxc6 bxc6 10. d3 h6 11. Nbd2 Be6 12. O-O d5 13. Rae1 d4 14. Nc4 Ng4 15. h3 Bxc4 16. Qxg4 Be6 17. Qg3 Bd6 18. Qf2 Qc7 19. e5 Be7 20. Nd2 Bg5 21. Kh1 Qe7 22. Ne4 Be3 23. Rxe3 dxe3 24. Qxe3 Bd5 25. Qxc5 Qxc5 26. Nxc5 Rfe8 27. c4 Be6 28. Kg1 Red8 29. Kf2 g6 30. Ke3 Kg7 31. d4 Bf5 32. g4 Bc8 33. Bc3 h5 34. Ba5 Re8 35. gxh5 Bxh3 36. h6+ Kxh6 37. Rh1 Kg5 38. Rxh3 f5 39. Kf3 Rh8 40. Bd2+ f4 41. Bxf4+ Kf5 42. Rg3 Rh5 43. Ne4 Rah8 44. Nd6+ Ke6 45. Rxg6+ Kd7 46. Ke4 Rh4 47. Rg7+ Ke6 48. d5+ cxd5+ 49. cxd5# 1-0


[Site "https://www.chess.com"]